 Dungeon Crawl Stone Soup version 0.22-a0-601-gb0ed703ee0 (webtiles) character file.

24 MirrMurr the Sneak (level 2, 0/13 HPs)
             Began as a Spriggan Enchanter on July 7, 2018.
             Hit by a stone thrown by a kobold (2 damage)
             ... on level 1 of the Dungeon.
             The game lasted 00:02:39 (1430 turns).

MirrMurr the Sneak (Spriggan Enchanter)             Turns: 1430, Time: 00:02:39

Health: 0/13       AC:  2    Str:  4    XL:     2   Next: 79%
Magic:  2/6        EV: 18    Int: 16    God:
Gold:   0          SH:  0    Dex: 16    Spells: 3/6 levels left

rFire    . . .     SeeInvis +   a - +1 dagger
rCold    . . .     Gourm    .   (shield restricted)
rNeg     . . .     Faith    .   b - +0 robe
rPois    .         Spirit   .   (helmet restricted)
rElec    .         Reflect  .   (no cloak)
rCorr    .         Harm     .   (gloves unavailable)
MR       .....                  (boots unavailable)
Stlth    +++.......             (no amulet)
HPRegen  0.04/turn              (no ring)
MPRegen  0.10/turn              (no ring)

@: very slightly contaminated, very quick
A: very small, unfitting armour, see invisible, herbivore, speed 3, slow
metabolism 2
a: no special abilities


You were on level 1 of the Dungeon.
You were not hungry.

You visited 1 branch of the dungeon, and saw 1 of its levels.

Inventory:

Hand Weapons
 a - a +1 dagger (weapon)
Missiles
 d - 30 stones (quivered)
Armour
 b - a +0 robe (worn)
Scrolls
 g - a scroll of teleportation {unknown}
 i - a scroll of immolation {unknown}
Potions
 e - a potion of heal wounds {unknown}
 f - a potion of lignification {unknown}
 h - a potion of curing {unknown}
 j - a potion of ambrosia {unknown}
Comestibles
 c - a ration


   Skills:
 + Level 2.3 Short Blades
 - Level 3.0 Dodging
 + Level 5.4 Stealth
 - Level 2.6 Spellcasting
 - Level 3.6 Hexes


You had 3 spell levels left.
You knew the following spells:

 Your Spells              Type           Power        Failure   Level  Hunger
a - Ensorcelled Hibernat  Hex/Ice        #.....       14%         2    ##.....
C - Corona                Hex            ##.....      4%          1    #......

Your spell library contained the following spells:

 Spells                   Type           Power        Failure   Level  Hunger
 Confuse                  Hex            ##......     13%         3    ###....
 Tukima's Dance           Hex            ##......     13%         3    ###....
 Dazzling Spray           Conj/Hex       #.....       28%         3    ###....


Dungeon Overview and Level Annotations

Branches:
Dungeon (1/15)

Altars:


Innate Abilities, Weirdness & Mutations

You are very small and have problems with some larger weapons.
You are too small for most types of armour.
You have supernaturally acute eyesight. (SInv)
You are a herbivore.
You cover ground extremely quickly.
You need to consume almost no food.


Message History

The kobold misses you.
You hit the kobold.
You kill the kobold!
The kobold throws a stone.
The stone closely misses you.
Things that are here:
a dagger; a kobold corpse You hit the kobold.
The kobold is moderately wounded.
The kobold completely misses you.
You hit the kobold but do no damage.
The kobold is moderately wounded.
The kobold hits you with a dagger.
* * * LOW HITPOINT WARNING * * *
You closely miss the kobold.
The kobold is moderately wounded.
The kobold hits you but does no damage.
The kobold throws a stone.
The stone barely misses you.
You see here 2 stones.
The kobold throws a stone.
The stone hits you.
You die...

##.###.###...#########
#..##.###.##### #
##.##.........#######
#.##....)...........
#.K#.....).....#####
##)#.........#.#####
#.#.#..............
#(..#.##..##>#<#..#
##@.#.....######...
#..#.##.## ##.# #..#.>###
### ########..#.##.## ##.#
#.........#.....######†..
#.........#.##..#.#>##..#
#.........#..............
####.......#.#########.#####
#...........>......÷........


You could see a kobold.

Vanquished Creatures
  5 ball pythons (D:1)
  3 giant cockroaches (D:1)
  3 goblins (D:1)
  3 hobgoblins (D:1)
  4 kobolds (D:1)
  A bat (D:1)
  A rat (D:1)
20 creatures vanquished.

Notes
Turn   | Place    | Note
-------+----------+-------------------------------------------
     0 | D:1      | MirrMurr the Spriggan Enchanter began the quest for the Orb.
     0 | D:1      | Reached XP level 1. HP: 9/9 MP: 5/5
   738 | D:1      | Reached XP level 2. HP: 6/13 MP: 6/6
   742 | D:1      | Learned a level 2 spell: Ensorcelled Hibernation
   898 | D:1      | Reached skill level 5 in Stealth
  1430 | D:1      | Hit by a stone thrown by a kobold

Vault maps used:
D:1:      onia_arrival_handbag, lexackson_kobold_supper

Skill      XL: |  1  2 |
---------------+-------+-----
Stealth        | 5 |  5.4
Short Blades   | 2 |  2.3
Dodging        | |  3.0
Spellcasting   | |  2.6
Hexes          | |  3.6

Action                   || total
-------------------------++-------
Melee: Dagger            ||    86
 Cast: Corona            ||     5
       Ensorcelled Hiber ||     5
 Stab: Sleeping          ||     8
Armor: Robe              ||     9
Dodge: Dodged            ||    81

Table legend:
 A = Spawn XP
 B = Non-spawn XP
 C = Spawn XP percentage of total XP
 D = Spawn monster count
 E = Non-spawn monster count
 F = Spawn count percentage of total count
 G = Total turns spent on level
                    A         B        C        D         E        F      G
               +---------+---------+-------+---------+---------+-------+---------
         Total |       0 |      35 |   0.0 |       0 |      20 |   0.0 |  1430
               +---------+---------+-------+---------+---------+-------+---------
           D:1 |       0 |      35 |   0.0 |       0 |      20 |   0.0 |  1430
               +---------+---------+-------+---------+---------+-------+---------
